Map: Post-Youth LE

Players

Concord - Winner!

  • Race: Zerg Zerg
  • League: Bronze
  • Spawn Location: 1:00

Alcatraz

  • Race: Terran Terran
  • League: Master
  • Spawn Location: 7:00

VOD

Have the link to the VOD?

Description

Time

  • Played on: Sept. 19, 2024, 1:49 p.m.
  • Length: 2:52
Show
View Real Time Build Order
Export as new Build Order

Concord Zerg - Winner!

Build Orders: Pool First 

Get SALT Encoding   

  12  0:21  Spawning Pool  
  12  0:22  Drone  
  12  0:26  Drone  
  13  0:30  Drone  
  14  0:40  Overlord  
  14  1:08  Zergling x6, Queen  
  19  1:19  Zergling x2  
  20  1:32  Hatchery  
  20  1:37  Drone  
  20  1:45  Overlord  
  21  1:54  Zergling x2  
  21  2:08  Zergling x2  
  19  2:16  Zergling x2  
  19  2:26  Zergling x2  
  20  2:30  Zergling x2  
Show
View Real Time Build Order
Export as new Build Order

Alcatraz Terran 

Build Orders:  

Get SALT Encoding   

  12  0:00  SCV  
  13  0:23  Supply Depot  
  13  0:48  Barracks  
  13  0:52  Barracks  
  13  1:03  Barracks  
  13  1:09  SCV  
  14  1:36  Marine  
  14  1:37  Barracks  
  15  1:40  Marine  
  16  1:47  Supply Depot  
  16  1:51  Marine  
  16  1:54  Marine  
  18  2:02  Marine  
Tags
 
Matchup
TvZ
Opening
Pool First
Spawn Locations
Cross Positions
Add a new tag
Caveats
  • Supply blocks, unpowered buildings, or Contaminate may cause inaccurate times.
  • Supply counts are checked every 10 seconds.